 Dungeon Crawl Stone Soup version 0.29-a0-994-gc5c9f59d18 (webtiles) character file.

Game seed: 9945901605793087063

58 Newt the Shooter (level 4, -11/26 HPs)
             Began as a Kobold Arcane Marksman on Aug 3, 2022.
             Mangled by a gnoll
             ... wielding a +0 halberd
              (15 damage)
             ... on level 2 of the Dungeon.
             The game lasted 00:02:02 (1651 turns).

Newt the Shooter (Kobold Arcane Marksman)           Turns: 1651, Time: 00:02:03

Health: -11/26     AC:  2    Str:  7    XL:     4   Next: 21%
Magic:  4/5        EV: 15    Int: 14    God:
Gold:   31         SH:  0    Dex: 17    Spells: 4/5 levels left

rFire   . . .      SeeInvis .   a - +1 sling
rCold   . . .      Faith    .   (no shield)
rNeg    . . .      Spirit   .   c - +0 robe
rPois   .          Reflect  .   (no helmet)
rElec   .          Harm     .   (no cloak)
rCorr   .          Rampage  .   (no gloves)
Will    .....                   (no boots)
Stlth   +++.......              (no amulet)
HPRegen 0.08/turn               (no ring)
MPRegen 0.09/turn               (no ring)

@: no status effects
A: small, no large weapons, nightstalker 3
a: no special abilities


You were on level 2 of the Dungeon.
You visited 1 branch of the dungeon, and saw 2 of its levels.

You collected 31 gold pieces.

Inventory:

Hand Weapons
 a - a +1 sling (weapon)
Armour
 c - a +0 robe (worn)
Scrolls
 b - a scroll of vulnerability
 d - a scroll of immolation
 f - 2 scrolls of blinking
 h - 2 scrolls of teleportation {unknown}
Potions
 e - a potion of haste {unknown}
 g - a potion of heal wounds {unknown}
 i - a potion of might {unknown}


   Skills:
 + Level 1.8 Fighting
 + Level 4.3 Ranged Weapons
 + Level 2.8 Dodging
 + Level 1.1 Spellcasting
 + Level 3.4 Hexes


You had 4 spell levels left.
You knew the following spells:

 Your Spells              Type           Power      Damage    Failure   Level
a - Slow                  Hex            40%        N/A       6%          1

Your spell library contained the following spells:

 Spells                   Type           Power      Damage    Failure   Level
 Dazzling Flash           Conj/Hex       10%        N/A       36%         3
 Inner Flame              Hex/Fire       5%         N/A       36%         3
 Portal Projectile        Hex/Tloc       10%        N/A       36%         3
 Cause Fear               Hex            5%         N/A       54%         4
 Ignite Poison            Fire/Tmut/Pois 0%         N/A       61%         3
 Mephitic Cloud           Conj/Pois/Air  0%         N/A       61%         3
 Silence                  Hex/Air        2%         N/A       98%         5
 Agony                    Necr           0%         N/A       100%        5
 Freezing Cloud           Conj/Ice/Air   0%         6-21      100%        5


Dungeon Overview and Level Annotations

Branches:
Dungeon (2/15)

Altars:


Innate Abilities, Weirdness & Mutations

You are small and have problems with some larger weapons.
You are completely attuned to the shadows.


Message History

You are too injured to fight recklessly!
Aiming: Slow (safe; 6% risk of failure)
Press: ? - help, Q - select action, (/) - cycle Shift-Dir - straight line, f - gnoll, p - frilled lizard
Aim: a gnoll, wielding a +0 halberd (chance to affect: 57%)
The hobgoblin struggles to resist.
The hobgoblin hits you.
* * * LOW HITPOINT WARNING * * *
Fire: a) +1 sling
Press: ? - help, Shift-Dir - straight line, f/p - gnoll
Aim: a gnoll, wielding a +0 halberd (64% to hit)
You shoot a sling bullet. The sling bullet hits the hobgoblin.
The hobgoblin is lightly wounded.
The hobgoblin closely misses you.
Unknown command.
Fire: a) +1 sling
Press: ? - help, Shift-Dir - straight line, f/p - gnoll
Aim: a gnoll, wielding a +0 halberd (64% to hit)
You shoot a sling bullet.
The sling bullet closely misses the hobgoblin.
The sling bullet hits the frilled lizard.
You kill the frilled lizard!
The hobgoblin closely misses you.
Fire: a) +1 sling
Press: ? - help, Shift-Dir - straight line, f/p - gnoll
Aim: a gnoll, wielding a +0 halberd (64% to hit)
You shoot a sling bullet. The sling bullet hits the hobgoblin.
You kill the hobgoblin!
The gnoll completely misses you.
Unknown command.
Fire: a) +1 sling
Press: ? - help, Shift-Dir - straight line, f/p - gnoll
Aim: a gnoll, wielding a +0 halberd (64% to hit)
You shoot a sling bullet. The sling bullet hits the gnoll.
The gnoll is heavily wounded.
You hear a shout!
A gnoll comes into view. It is wielding a +0 flail.
A gnoll comes into view. It is wielding a +0 spear.
The gnoll hits you from afar with a +0 halberd!
Ouch! That really hurt!
You die...

#. #.. #. .# #.######.
...#########.#....#.
.#####<#................
.....†...#####..........
.....#...####....#......
...g.###<......[##.###.#
...g.g†@.....#..##.# #.#
.....#######....##.# ..#
....!# ##.........##
.....# ..#...#### .#####


You could see 3 gnolls.

Vanquished Creatures
  2 adders
  A dart slug (D:2)
  4 ball pythons
  2 bats (D:1)
  4 endoplasms (D:1)
  A giant cockroach (D:1)
  3 goblins (D:1)
  6 hobgoblins
  2 jackals (D:1)
  3 quokkas (D:1)
  3 frilled lizards
  2 kobolds (D:1)
  2 rats (D:1)
35 creatures vanquished.

Notes
Turn   | Place    | Note
-------+----------+-------------------------------------------
     0 | D:1      | Newt the Kobold Arcane Marksman began the quest for the
                  | Orb.
     0 | D:1      | Reached XP level 1. HP: 12/12 MP: 2/2
    89 | D:1      | Reached XP level 2. HP: 3/16 MP: 3/3
   501 | D:1      | Reached skill level 3 in Ranged Weapons
   657 | D:1      | Found a faded altar of an unknown god.
   740 | D:1      | Reached XP level 3. HP: 20/20 MP: 4/4
  1242 | D:1      | Reached skill level 4 in Ranged Weapons
  1242 | D:1      | Reached XP level 4. HP: 11/25 MP: 5/5
  1651 | D:2      | Mangled by a gnoll

Illustrated notes

Levels and vault maps discovered:
D:1:      heliophobic_arrival_battle_scene, layout_basic, basic_ecumenical_altar
D:2:      layout_rooms, grunt_ministairs_2, minmay_misc_feat_hallway

Skill      XL: |  1  2  3 |
---------------+----------+-----
Ranged Weapons | 3 4 |  4.3
Fighting       | |  1.8
Dodging        | |  2.8
Spellcasting   | |  1.1
Hexes          | |  3.4

Action                   |  1- 3 |  4- 6 || total
-------------------------+-------+-------++-------
 Fire: Sling             |    93 |    27 ||   120
 Cast: Slow              |     1 |     2 ||     3
  Use: Scroll            |       |     2 ||     2
Armor: Robe              |    15 |     5 ||    20
Dodge: Dodged            |    59 |    18 ||    77

Table legend: (Time is in decaauts)
 A = Elapsed time spent in this place.
 B = Non-inter-level travel time spent in this place.
 C = Inter-level travel time spent in this place.
 D = Time resting spent in this place.
 E = Time spent auto-exploring this place.
 F = Levels seen in this place.
 G = Mean time per level.
                   A        B        C        D        E       F      G
               +--------+--------+--------+--------+--------+-----+--------+
         Total |   1679 |   1654 |     25 |    608 |    835 |   2 |  839.5 |
       Dungeon |   1679 |   1654 |     25 |    608 |    835 |   2 |  839.5 |
               +--------+--------+--------+--------+--------+-----+--------+

Top non-repeatable levels by time:
     D:1: 1580 daAuts
     D:2: 98 daAuts
